 Dungeon Crawl Stone Soup version 0.19.1 (webtiles) character file.

530 ChaseSP the Chopper (level 7, 0/52 HPs)
             Began as a Formicid Fighter on Nov 25, 2016.
             Slain by Eustachio
             ... wielding a +0 falchion
              (6 damage)
             ... on level 4 of the Dungeon.
             The game lasted 00:07:04 (2806 turns).

ChaseSP the Chopper (Formicid Fighter)              Turns: 2806, Time: 00:07:05

Health: 0/52       AC: 10    Str: 23      XL:     7   Next: 48%
Magic:  7/7        EV:  8    Int:  7      God:
Gold:   149        SH:  9    Dex:  9 (12) Spells: 0 memorised, 6 levels left

rFire  . . .     SeeInvis +     a - +0 war axe
rCold  . . .     Gourm    .     b - +0 scale mail
rNeg   . . .     Faith    .     c - +0 shield
rPois  .         Spirit   .     (helmet unavailable)
rElec  .         Reflect  .     d - +1 cloak
rCorr  .         Harm     .     k - +0 pair of gloves
MR     .....                    (no boots)
Stlth  ..........               (no amulet)
                                (no ring)
                                (no ring)

@: no status effects
A: permanent stasis, dig shafts and tunnels, four strong arms, antennae 3,
deterioration 1, sense surroundings 1, strong 1
a: Dig, Shaft Self


You were on level 4 of the Dungeon.
You were hungry.

You visited 1 branch of the dungeon, and saw 4 of its levels.

You collected 149 gold pieces.

Inventory:

Hand Weapons
 a - a +0 war axe (weapon)
Armour
 b - a +0 scale mail (worn)
 c - a +0 shield (worn)
 d - a +1 cloak (worn)
 k - a +0 pair of gloves (worn)
Scrolls
 e - a scroll of fog
 g - a scroll of enchant armour {unknown}
 h - 2 scrolls of identify
 i - a scroll of teleportation
 j - a scroll of fear {unknown}
 l - 2 scrolls of remove curse
 o - a scroll of random uselessness {unknown}
 p - a scroll of enchant weapon {unknown}
 q - 2 scrolls of noise {unknown}
 t - a scroll of magic mapping {unknown}
 v - a scroll of blinking {unknown}
Potions
 m - a potion of haste
 n - 2 potions of degeneration {unknown}
 r - a potion of invisibility
 s - a potion of might
Comestibles
 f - 4 bread rations
 u - 4 chunks of flesh


   Skills:
 - Level 3.2 Fighting
 + Level 7.7 Axes
 - Level 3.2 Armour
 - Level 3.6 Shields


You had 6 spell levels left.
You didn't know any spells.

Dungeon Overview and Level Annotations

Branches:
Dungeon (4/15)
 Temple: D:4-7

Altars:
Ashenzari
Dithmenos
Sif Muna
Xom

Annotations:
D:4 Eustachio


Innate Abilities, Weirdness & Mutations

You are under a permanent stasis effect.
You can dig through walls and to a lower floor.
Your four strong arms can wield two-handed weapons with a shield.
You have a pair of large antennae on your head. (SInv)
Your body sometimes deteriorates upon taking damage.
You passively map a small area around you.
Your muscles are strong. (Str +2)


Message History

The crimson imp shouts, "Get thee hence, thou errant mumble-news pigeon-egg!"
The crimson imp hits you but does no damage.
The orc wizard hits you but does no damage.
You barely miss Eustachio.
Eustachio is almost dead.
You completely miss the crimson imp. You hit the shadow imp.
You slash the crimson imp!
You kill the crimson imp!
The shadow imp barely misses you. You block the crimson imp's attack.
You block the orc wizard's attack. Eustachio hits you with a falchion.
* * * LOW HITPOINT WARNING * * *
The shadow imp hits you but does no damage.
You block the crimson imp's attack.
Unknown command.
You closely miss Eustachio.
Eustachio is almost dead.
Your scale mail prevents you from hitting the shadow imp.
Your shield and scale mail prevent you from hitting the crimson imp.
The orc wizard closely misses you. Eustachio hits you with a falchion.
You die...

.....#. ####.# #....... ,
....... ..#.# ### #.......
.......###.#.#####.# #.......
.........#.#.##.##.# #.......
.....#.............###.......
......)......##.##.#.#.......
,
.#......).o.....##.#.........
.......<)..5.......>......###
.#..........@ยง............#
...........5@...##........# ,
.....#.............#'########
##.........######............
.....###.... ,,.#...#.#######
..... .......................
,....
................#..###.#
##### ....#...........
##..#..##..#....


You could see Eustachio, an orc wizard (invisible), a crimson imp and a shadow
imp.

Vanquished Creatures
  Sigmund (D:2)
  An ogre (D:3)
  The ghost of SirKenneth the Conjurer, an amateur HEFE (D:3)
  An orc wizard (D:3)
  Crazy Yiuf (D:3)
  Terence (D:2)
  4 gnolls (D:3)
  5 adders
  An ooze (D:3)
  A worm (D:2)
  A dart slug (D:1)
  2 leopard geckos
  3 orcs (D:4)
  5 bats
  2 giant cockroaches
  13 goblins
  4 hobgoblins
  A quokka (D:4)
  A frilled lizard (D:2)
  4 kobolds
  13 rats
  A fungus (D:3)
67 creatures vanquished.

Notes
Turn   | Place    | Note
-------+----------+-------------------------------------------
     0 | D:1      | ChaseSP the Formicid Fighter began the quest for the Orb.
     0 | D:1      | Reached XP level 1. HP: 18/18 MP: 1/1
    71 | D:1      | Reached XP level 2. HP: 15/24 MP: 2/2
   147 | D:1      | Reached skill level 3 in Axes
   447 | D:1      | Reached XP level 3. HP: 29/29 MP: 3/3
   910 | D:2      | Reached skill level 4 in Axes
   910 | D:2      | Reached XP level 4. HP: 35/35 MP: 4/4
  1057 | D:2      | Noticed Sigmund
  1364 | D:3      | Found a shadowy altar of Dithmenos.
  1365 | D:3      | Noticed SirKenneth's ghost (amateur HEFE)
  1370 | D:3      | Killed SirKenneth's ghost
  1370 | D:3      | Reached skill level 5 in Axes
  1370 | D:3      | Reached XP level 5. HP: 40/41 MP: 5/5
  1406 | D:2      | Killed Sigmund
  1406 | D:2      | Reached skill level 6 in Axes
  1406 | D:2      | Reached XP level 6. HP: 43/47 MP: 6/6
  1601 | D:2      | Noticed Terence
  1616 | D:2      | Killed Terence
  1742 | D:3      | Gained mutation: Your muscles are strong. (Str +2) [potion of mutation]
  1742 | D:3      | Gained mutation: Your body sometimes deteriorates upon taking damage. [potion of mutation]
  1742 | D:3      | Gained mutation: You passively map a small area around you. [potion of mutation]
  1872 | D:3      | Found a shattered altar of Ashenzari.
  1967 | D:3      | Noticed an ogre
  1977 | D:3      | Killed an ogre
  1977 | D:3      | Reached skill level 7 in Axes
  1977 | D:3      | Reached XP level 7. HP: 35/52 MP: 7/7
  2022 | D:3      | Found a shimmering altar of Xom.
  2023 | D:3      | Found a deep blue altar of Sif Muna.
  2452 | D:3      | Found a runed door.
  2456 | D:3      | Noticed Crazy Yiuf
  2460 | D:3      | Killed Crazy Yiuf
  2722 | D:4      | Noticed Eustachio
  2806 | D:4      | Slain by Eustachio

Skill      XL: |  1  2  3  4  5  6 |
---------------+-------------------+-----
Axes           | 3 4 5 6 7 |  7.7
Fighting       | |  3.2
Armour         | |  3.2
Shields        | |  3.6

Action                   |  1- 3 |  4- 6 |  7- 9 || total
-------------------------+-------+-------+-------++-------
Melee: War axe           |    96 |   113 |    69 ||   278
  Use: Potion            |       |     2 |       ||     2
       Scroll            |       |     6 |       ||     6
  Eat: Chunk             |       |     4 |     2 ||     6
Armor: Scale mail        |    36 |    36 |    80 ||   152
Dodge: Dodged            |    27 |    29 |    49 ||   105
Block: Shield            |    55 |    61 |    80 ||   196
